 Dungeon Crawl Stone Soup version 0.22-a0-135-g6f012ad (webtiles) character file.

19 kuniqs the Caller (level 2, 20/20 HPs)
             Began as a Gnoll Summoner on Feb 1, 2018.
             Quit the game on level 1 of the Dungeon.
             The game lasted 00:01:34 (578 turns).

kuniqs the Caller (Gnoll Summoner)                   Turns: 578, Time: 00:01:35

Health: 20/20      AC:  2    Str: 10    XL:     2   Next: 75%
Magic:  7/7        EV: 14    Int: 17    God:
Gold:   0          SH:  0    Dex: 15    Spells: 7/10 levels left

rFire    . . .     SeeInvis .   (no weapon)
rCold    . . .     Gourm    .   (no shield)
rNeg     . . .     Faith    .   a - +0 robe
rPois    .         Spirit   .   (no helmet)
rElec    .         Reflect  .   (no cloak)
rCorr    .         Harm     .   (no gloves)
MR       .....                  (no boots)
Stlth    +++.......             (no amulet)
HPRegen  0.06/turn              (no ring)
MPRegen  0.10/turn              (no ring)

@: no status effects
A: distributed training, fangs 1, strong nose
a: no special abilities


You were on level 1 of the Dungeon.
You were not hungry.

You visited 1 branch of the dungeon, and saw 1 of its levels.

Inventory:

Armour
 a - a +0 robe (worn)
Scrolls
 e - a scroll of identify {unknown}
Potions
 f - a potion of might {unknown}
Books
 b - a book of Callings

   Spells                             Type                      Level
   a - Summon Small Mammal            Summoning                    1
   b - Call Imp                       Summoning                    2
   c - Call Canine Familiar           Summoning                    3
   d - Summon Guardian Golem          Hexes/Summoning              3
   e - Summon Lightning Spire         Summoning/Air                4
   f - Summon Ice Beast               Ice/Summoning                4
Comestibles
 c - 3 rations
 d - 9 chunks of flesh


   Skills:
 + Level 0.5 Fighting
 + Level 0.5 Short Blades
 + Level 0.5 Long Blades
 + Level 0.5 Axes
 + Level 0.5 Maces & Flails
 + Level 0.5 Polearms
 + Level 0.5 Staves
 + Level 0.5 Slings
 + Level 0.5 Bows
 + Level 0.5 Crossbows
 + Level 0.5 Throwing
 + Level 0.5 Armour
 + Level 4.5 Dodging
 + Level 4.1 Stealth
 + Level 0.5 Shields
 + Level 0.5 Unarmed Combat
 + Level 4.9 Spellcasting
 + Level 0.3 Conjurations
 + Level 0.3 Hexes
 + Level 0.3 Charms
 + Level 7.0 Summonings
 + Level 0.3 Necromancy
 + Level 0.3 Translocations
 + Level 0.3 Transmutations
 + Level 0.3 Fire Magic
 + Level 0.3 Ice Magic
 + Level 0.3 Air Magic
 + Level 0.3 Earth Magic
 + Level 0.3 Poison Magic
 + Level 0.6 Invocations
 + Level 0.5 Evocations


You had 7 spell levels left.
You knew the following spells:

 Your Spells              Type           Power        Failure   Level  Hunger
a - Summon Small Mammal   Summ           ####         1%          1    None
b - Call Imp              Summ           ####....     1%          2    #......


Dungeon Overview and Level Annotations

Branches:
Dungeon (1/15)

Altars:


Innate Abilities, Weirdness & Mutations

Your experience applies equally to all skills.
You have very sharp teeth.
Your uncanny sense of smell can sniff out nearby items.


Message History

g - Guard the area. f - Follow me.
Anything else - Cancel.
Gang up on whom?
Aim: a hobgoblin (resting) Attack!
Your shadow imp gestures at the hobgoblin.
The hobgoblin writhes in agony!
The hobgoblin dies!
You swap places.
Your shadow imp disappears in a puff of smoke!
f - a fizzy red potion You butcher the hobgoblin corpse.
d - 10 chunks of flesh (gained 3)
You see here a hobgoblin skeleton. x2
c - 3 rations (gained 1)
Your crimson imp disappears in a puff of smoke!
Some of the chunks of flesh in your inventory have rotted away.
Found 24 stones.
You see here 24 stones.
A bat comes into view.

.......# ..##.#..
....b.................. .....#
..........##.......... ####.# ..
.....#............... .# #.#..
....#.# #...........
.###.#.#.#.###.....# #...(.......
>..................# #...........
.#.#.#########....##.#...........
.#.#)...........@....##..........
.#.....)######..#######.....##.).
..................#####.....##...
##.....#####...................##
.#.....#...#.....................
.#.....#.8.#.###..........#######
.#.....#...#(# #..........#
##.....#####.# #..........#
.............# #.รท.....(#.#


You could see a bat (sleeping).

Vanquished Creatures (collateral kills)
  A dart slug (D:1)
  A giant cockroach (D:1)
  3 goblins (D:1)
  2 hobgoblins (D:1)
  6 jackals (D:1)
  4 bats (D:1)
  3 kobolds (D:1)
  7 rats (D:1)
27 creatures vanquished.

Notes
Turn   | Place    | Note
-------+----------+-------------------------------------------
     0 | D:1      | kuniqs the Gnoll Summoner began the quest for the Orb.
     0 | D:1      | Reached XP level 1. HP: 13/13 MP: 6/6
   181 | D:1      | Reached XP level 2. HP: 17/19 MP: 7/7
   219 | D:1      | Learned a level 2 spell: Call Imp
   578 | D:1      | Quit the game

Vault maps used:
D:1:      minmay_arrival_glassed_features, grunt_decor_resistance

Action                   || total
-------------------------++-------
Melee: Unarmed           ||     1
 Cast: Summon Small Mamm ||    18
       Call Imp          ||     6
Armor: Robe              ||     6
Dodge: Dodged            ||    36

Table legend:
 A = Spawn XP
 B = Non-spawn XP
 C = Spawn XP percentage of total XP
 D = Spawn monster count
 E = Non-spawn monster count
 F = Spawn count percentage of total count
 G = Total turns spent on level
                    A         B        C        D         E        F      G
               +---------+---------+-------+---------+---------+-------+---------
         Total |       0 |      28 |   0.0 |       0 |      27 |   0.0 |   578
               +---------+---------+-------+---------+---------+-------+---------
           D:1 |       0 |      28 |   0.0 |       0 |      27 |   0.0 |   578
               +---------+---------+-------+---------+---------+-------+---------
